cohdb
Replays
Latest Replays
All Replays
Popular Replays
Top Player Replays
Match Explorer
How It Works
Community
CoH3 Stats
Reddit
Sign in to upload your games and track your stats! →
Sign in with Steam
Match 46734940
Unlisted
Match 46734940
Overview
Messages
Build Orders
End
Panzergrenadier Squad
Selects Armored Support Battlegroup
250 Light Carrier
Panzergrenadier Squad
Panzergrenadier Squad
Construct Light Support Kompanie
Combat Half-tracks
Selects Veteran Gunners
Fire Support Elements
Veteran Squad Leaders
Pak 38 Mechanized Group
Pak 38 Mechanized Group
Selects Salvage Kits
Ermac
dark.willow121
Bego
aSIIDemolitionHammer
0
0
Comments
sign in to comment!
No comments posted yet!